 Dungeon Crawl Stone Soup version 0.31.0-1-g2c135a008e (webtiles) character file.

Game seed: 8825395705429033174

24434 qw the Skirmisher (level 13, -6/94 HPs)
             Began as a Djinni Hunter on Jan 23, 2024.
             Was a High Priest of Okawaru.
             Mangled by a death yak (17 damage)
             ... on level 3 of the Lair of Beasts.
             The game lasted 00:01:12 (13465 turns).

qw the Skirmisher (Djinni Hunter)                  Turns: 13465, Time: 00:01:13

Health: -6/94      AC: 12    Str: 14    XL:     13   Next: 42%
Gold:   1059       EV: 20    Int: 14    God:    Okawaru [*****.] SH:  5 Dex: 25

rFire   + + +        m - +1 longbow
rCold   + . .        (shield currently unavailable)
rNeg    . . .        w - +1 acid dragon scales
rPois   inf          (helmet restricted)
rElec   .            k - +2 cloak {rCorr}
rCorr   +            n - +0 pair of gloves of Wulebla {rC++}
SInv    .            (boots unavailable)
Will    +....        h - amulet of reflection
Stlth   ++           j - ring of protection from fire
HPRegen 0.35/turn    s - +6 ring of strength
MPRegen 0.00/turn

%: reflection, infuse magic (-7 HP)
@: about to teleport, flying
A: sickness immunity, fire resistance 2, cold vulnerability 1, float, innate
caster, HP casting, extra vitality 1, horns 1, agile 1, clever 1
a: Renounce Religion, Heroism, Finesse, Duel


You were on level 3 of the Lair of Beasts.
You worshipped Okawaru.
Okawaru was extremely pleased with you.
You visited 3 branches of the dungeon, and saw 14 of its levels.

You collected 1059 gold pieces.


Innate Abilities, Weirdness & Mutations

You are immune to sickness and miasma.
You are immune to poison.
Your flesh is very heat resistant. (rF++)
You are vulnerable to cold. (rC-)
You float through the air rather than walking.
You learn spells naturally, not from books.
Your magical power is your life essence.
You have superior vitality. (+4 MHP)
You have a pair of small horns on your head.
You are agile. (Dex +4, Str/Int -1)
Your mind is acute. (Int +4, Str/Dex -1)


   Skills:
 - Level 9.1 Fighting
 - Level 12.0 Ranged Weapons
 - Level 5.3 Armour
 + Level 10.8 Dodging
 - Level 0.7 Stealth
 - Level 10.0 Invocations


You knew the following spells:

 Your Spells              Type           Power      Damage    Failure   Level
a - Freeze                Ice            0%         1d3       36%         1
b - Call Imp              Summ           0%         N/A       52%         2
c - Fugue of the Fallen   Necr           0%         N/A       75%         3
d - Flame Wave            Conj/Fire      0%         2d4       98%         4
e - Alistair's Intoxicat  Alch           0%         N/A       100%        5
f - Arcjolt               Conj/Air       0%         1d10      100%        5
Your spell library was empty.

Inventory:

Hand Weapons
 m - a +1 longbow (weapon)
Armour
 k - a +2 cloak of preservation (worn)
 n - the +0 pair of gloves of Wulebla (worn) {rC++}
   (You found it on level 4 of the Dungeon)

   rC++:      It greatly protects you from cold.
 w - +1 acid dragon scales (worn)
Jewellery
 h - an amulet of reflection (around neck)
 j - a ring of protection from fire (left hand)
 p - a ring of wizardry
 r - a ring of resist corrosion
 s - a +6 ring of strength (right hand)
 u - a ring of ice
 y - a ring of protection from fire
Wands
 a - a wand of roots (12)
 b - a wand of paralysis (15)
 e - a wand of digging (2)
 q - a wand of polymorph (4)
 t - a wand of acid (12)
Scrolls
 x - a scroll of identify
Potions
 c - a potion of mutation
 d - 6 potions of enlightenment
 f - a potion of haste
 i - 2 potions of might
 l - 2 potions of resistance
 o - 2 potions of curing
 v - a potion of lignification {unknown}

Dungeon Overview and Level Annotations

Branches:
Dungeon (10/15)            Temple (1/1) D:5            Lair (3/5) D:10
  Swamp (0/4) Lair:2        Snake (0/4) Lair:2          Orc (0/2) D:10

Altars:
Ashenzari
Cheibriados
Dithmenos
Elyvilon
Fedhas
Gozag
Hepliaklqana
Makhleb
Nemelex Xobeh
Okawaru
Qazlal
Ru
Trog
Uskayaw
Wu Jian
Xom
Yredelemnul
Zin
The Shining One

Shops:
D:6 (   D:7 (   D:8 (   D:10 *

Annotations:
D:4 1 runed translucent door, Crazy Yiuf


Message History

You shoot an arrow. The arrow hits the death yak!
The death yak is moderately wounded.
The death yak gores you!
You shoot an arrow. The arrow hits the death yak!
The death yak is heavily wounded.
The death yak completely misses you.
You shoot an arrow. The arrow hits the death yak!!
The death yak is severely wounded.
The death yak closely misses you.
You shoot an arrow. The arrow barely misses the death yak.
The death yak gores you.
You shoot an arrow. The arrow hits the death yak!
The death yak is almost dead.
The death yak gores you. You block the death yak's attack.
The death yak misses you.
You shoot an arrow. The arrow hits the death yak.
The death yak is almost dead.
The death yak misses you. The death yak barely misses you.
You shoot an arrow. The arrow hits the death yak.
The death yak is almost dead.
You block the death yak's attack. The death yak gores you!!
You shoot an arrow. The arrow hits the death yak!!
You kill the death yak!
Okawaru accepts your kill. The death yak completely misses you.
You shoot an arrow.
The arrow hits the death yak but does no damage.
The death yak gores you but does no damage.
The death yak gores you!
You shoot an arrow. The arrow hits the death yak.
The death yak is lightly wounded.
The death yak closely misses you. The death yak gores you!
You shoot an arrow. The arrow hits the death yak!!
The death yak is moderately wounded.
The death yak gores you! The death yak gores you.
13465 ||| READING scroll of teleportation.
As you read the scroll of teleportation, it crumbles to dust.
You feel strangely unstable. The death yak completely misses you.
The death yak gores you!
You die...

#..# #PP....... ##..
#PP....... Y..
##......). ...
#...%.... ##.##
##..+#P.. #.$.#
##P.#### #...# #..####
##Y.### ##..#.#
#####@#'#.# #....#
#...^.Y...# ##..#.#
#.........### #......
#.........'.## #......
#............###......
#..............#......
#.........##..........
#.........####.+......
...<......# ##.......


You could see 2 death yaks.

Vanquished Creatures
  2 hydras (Lair:3)
  A catoblepas (Lair:3)
  3 two-headed ogres
  6 death yaks
  Pikel (D:8)
  A salamander (Lair:2)
  4 elephants
  7 cane toads
  A rime drake (Lair:3)
  5 komodo dragons
  3 trolls
  A polar bear (Lair:2)
  Prince Ribbit (D:6)
  3 blink frogs (Lair:1)
  17 yaks
  A wyvern (D:10)
  2 basilisks
  2 wraiths (D:10)
  Eustachio (D:6)
  A shadow (D:10)
  2 steam dragons
  A naga (Lair:2)
  An acid dragon (D:10)
  11 water moccasins
  Duvessa (D:6)
  5 orc warriors
  4 sky beasts
  2 black bears
  3 ice beasts (D:7)
  2 ogres
  13 wolves
  5 centaurs
  3 lemures (D:8)
  A kobold brigand (D:9)
  Blork the orc (D:5)
  8 bullfrogs
  2 gnoll sergeants
  2 scorpions
  Dowan (D:6)
  6 killer bees
  An orc priest (D:9)
  5 hounds
  2 bombardier beetles
  4 jellies
  4 sleepcaps
  4 iguanas
  6 orc wizards
  4 gnolls (D:10)
  8 adders
  3 shadow imps
  3 white imps
  A ribbon worm (D:2)
  2 dart slugs
  18 orcs
  4 endoplasms
  2 giant cockroaches
  11 goblins
  2 hobgoblins
  6 jackals
  11 kobolds
  6 quokkas
  6 ball pythons
  9 bats
  A frilled lizard (D:2)
  A rat (D:2)
261 creatures vanquished.

Vanquished Creatures (others)
  A water moccasin (D:7)
  A bullfrog (D:7)
2 creatures vanquished.

Grand Total: 263 creatures vanquished

Notes
Turn   | Place    | Note
-------+----------+-------------------------------------------
     0 | D:1      | qw the Djinni Hunter began the quest for the Orb.
     0 | D:1      | Reached XP level 1. HP: 18/18 MP: 0/0
     0 | D:1      | 0 ||| qw: Version: 0.3-a-136-gdd3b4e8
     0 | D:1      | 0 ||| qw: Game counter: 1111
     0 | D:1      | 0 ||| qw: Melee chars always use a shield: true
     0 | D:1      | 0 ||| qw: God list: Okawaru
     0 | D:1      | 0 ||| qw: Allow faded altars: false
     0 | D:1      | 0 ||| qw: Do Orc after clearing Dungeon:15 true
     0 | D:1      | 0 ||| qw: Do second Lair branch before Depths: true
     0 | D:1      | 0 ||| qw: Lair rune preference: random
     0 | D:1      | 0 ||| qw: Goals: Normal
     0 | D:1      | 0 ||| PLANNING D:1-11
    80 | D:1      | Found a faded altar of an unknown god.
   221 | D:1      | Reached XP level 2. HP: 23/23 MP: 0/0
   906 | D:1      | 906 ||| READING scroll labelled GOTSOM FOG SURCH.
   907 | D:1      | 907 ||| READING scroll labelled BAIMIRPHIJU.
   907 | D:1      | 907 ||| IDENTIFYING white potion
   908 | D:1      | 908 ||| READING scroll labelled JEPSAU GABLETEAR.
   913 | D:1      | 913 ||| DROPPING scroll of butterflies.
   914 | D:1      | 914 ||| DROPPING potion of attraction.
   988 | D:2      | Reached skill level 4 in Ranged Weapons
   988 | D:2      | Reached XP level 3. HP: 28/28 MP: 0/0
   988 | D:2      | Learned a level 1 spell: Freeze
  1126 | D:2      | 1126 ||| RETREEEEATING.
  1317 | D:2      | Reached XP level 4. HP: 34/34 MP: 0/0
  1338 | D:2      | Reached skill level 3 in Fighting
  1550 | D:2      | 1550 ||| UPGRADING to +0 ring mail.
  1560 | D:2      | 1560 ||| DROPPING +0 leather armour.
  1561 | D:2      | 1561 ||| READING scroll labelled LATAKHL POARA.
  1662 | D:2      | 1662 ||| READING scroll labelled ONKUSTEAGU.
  1662 | D:2      | 1662 ||| ENCHANTING +0 shortbow.
  1871 | D:3      | Reached skill level 1 in Armour
  2110 | D:3      | Found a glowing golden altar of the Shining One.
  2302 | D:3      | 2302 ||| UPGRADING to amulet of reflection.
  2307 | D:3      | 2307 ||| DRINKING 2 bubbling sapphire potions.
  2335 | D:4      | Found a bloodstained altar of Trog.
  2381 | D:4      | Reached XP level 5. HP: 40/40 MP: 0/0
  2381 | D:4      | Learned a level 2 spell: Call Imp
  2590 | D:4      | Identified the +0 pair of gloves of Wulebla {rC++}
  2821 | D:4      | Found a runed translucent door.
  2822 | D:4      | Noticed Crazy Yiuf
  2886 | D:4      | 2886 ||| UPGRADING to +1 cloak of preservation.
  2891 | D:4      | 2891 ||| UPGRADING to +0 pair of gloves of Wulebla {rC++}.
  2896 | D:4      | 2896 ||| READING scroll labelled WEZXAA VOUFO.
  2897 | D:4      | 2897 ||| READING scroll labelled MIOMOU QUMUPH.
  2898 | D:4      | 2898 ||| DRINKING 2 sapphire potions.
  2941 | D:5      | Entered Level 5 of the Dungeon
  3004 | D:5      | Found a shimmering altar of Xom.
  3012 | D:5      | Noticed Blork the orc
  3016 | D:5      | Reached skill level 5 in Ranged Weapons
  3021 | D:5      | Killed Blork the orc
  3022 | D:5      | Reached skill level 3 in Dodging
  3022 | D:5      | Reached XP level 6. HP: 38/46 MP: 0/0
  3098 | D:5      | Found a staircase to the Ecumenical Temple.
  3099 | D:5      | 3099 ||| PLANNING TEMPLE
  3099 | D:5      | 3099 ||| READING scroll labelled ERGHUTEDUMI.
  3099 | D:5      | 3099 ||| ENCHANTING +1 cloak of preservation.
  3125 | Temple   | Entered the Ecumenical Temple
  3126 | Temple   | 3126 ||| PLANNING OKAWARU WORSHIP
  3155 | Temple   | Became a worshipper of Warmaster Okawaru
  3156 | Temple   | 3156 ||| PLANNING D:1-11
  3330 | D:5      | 3330 ||| SWAPPING to +0 longbow.
  3336 | D:5      | 3336 ||| DROPPING +1 shortbow.
  3346 | D:5      | Reached XP level 7. HP: 52/52 MP: 0/0
  3346 | D:5      | Learned a level 3 spell: Fugue of the Fallen
  3564 | D:5      | 3564 ||| READING scroll of enchant weapon.
  3564 | D:5      | 3564 ||| ENCHANTING +0 longbow.
  3576 | D:5      | Reached skill level 6 in Ranged Weapons
  3682 | D:5      | Found a glowing silver altar of Zin.
  3741 | D:5      | 3741 ||| UPGRADING to +0 helmet.
  3746 | D:5      | 3746 ||| UPGRADING to ring of protection from fire.
  3747 | D:5      | 3747 ||| DRINKING 3 fuming grey potions.
  3804 | D:6      | 3804 ||| STAIRDANCE
  3811 | D:6      | Reached * piety under Okawaru
  3831 | D:6      | Found Miujylih's Weapon Emporium.
  3938 | D:6      | 3938 ||| INVOKING Heroism.
  3940 | D:6      | Reached XP level 8. HP: 42/58 MP: 0/0
  4016 | D:6      | Found a stormy altar of Qazlal.
  4025 | D:6      | Reached skill level 1 in Invocations
  4086 | D:6      | Noticed Eustachio
  4087 | D:6      | 4087 ||| INVOKING Heroism.
  4098 | D:6      | 4098 ||| RETREEEEATING.
  4099 | D:6      | 4099 ||| RETREEEEATING.
  4101 | D:6      | 4101 ||| INVOKING Heroism.
  4102 | D:6      | 4102 ||| RETREEEEATING.
  4104 | D:6      | 4104 ||| RETREEEEATING.
  4105 | D:6      | 4105 ||| RETREEEEATING.
  4106 | D:6      | 4106 ||| RETREEEEATING.
  4116 | D:6      | 4116 ||| INVOKING Heroism.
  4126 | D:6      | Killed Eustachio
  4196 | D:6      | Reached skill level 7 in Ranged Weapons
  4442 | D:6      | Noticed Prince Ribbit
  4443 | D:6      | 4443 ||| INVOKING Heroism.
  4447 | D:6      | Noticed Dowan
  4449 | D:6      | Noticed Duvessa
  4454 | D:6      | Killed Dowan
  4455 | D:6      | Reached skill level 3 in Invocations
  4458 | D:6      | 4458 ||| INVOKING Heroism.
  4461 | D:6      | 4461 ||| RETREEEEATING.
  4462 | D:6      | 4462 ||| RETREEEEATING.
  4465 | D:6      | HP: 12/58 [Duvessa/+0 rapier (6)]
  4466 | D:6      | 4466 ||| READING scroll of teleportation.
  4466 | D:6      | HP: 5/58 [Duvessa/+0 rapier (7)]
  4466 | D:6      | HP: 2/58 [Duvessa/+0 rapier (3)]
  4467 | D:6      | Killed Duvessa
  4684 | D:6      | Reached XP level 9. HP: 65/65 MP: 0/0
  4684 | D:6      | Learned a level 4 spell: Flame Wave
  4808 | D:6      | 4808 ||| INVOKING Heroism.
  4813 | D:6      | Killed Prince Ribbit
  4826 | D:6      | Found a shadowy altar of Dithmenos.
  4894 | D:6      | Found a blossoming altar of Fedhas.
  4922 | D:6      | Reached skill level 8 in Ranged Weapons
  4956 | D:6      | 4956 ||| DROPPING amulet of regeneration.
  4957 | D:6      | 4957 ||| READING scroll labelled TEIKIE TAWIMM.
  4998 | D:7      | Identified the +2 war axe "Kudybask" {venom, rElec}
  5068 | D:7      | Reached ** piety under Okawaru
  5156 | D:7      | Reached skill level 3 in Armour
  5377 | D:7      | Reached skill level 6 in Fighting
  5485 | D:7      | Found a sacrificial altar of Ru.
  5628 | D:7      | Reached XP level 10. HP: 69/72 MP: 0/0
  5633 | D:7      | 5633 ||| RETREEEEATING.
  5634 | D:7      | 5634 ||| RETREEEEATING.
  5635 | D:7      | 5635 ||| RETREEEEATING.
  5636 | D:7      | 5636 ||| RETREEEEATING.
  5637 | D:7      | 5637 ||| RETREEEEATING.
  5738 | D:7      | Found Oweawug's Antique Weapon Shop.
  5999 | D:7      | Noticed a two-headed ogre
  6004 | D:7      | Reached *** piety under Okawaru
  6005 | D:7      | Reached skill level 9 in Ranged Weapons
  6076 | D:7      | Reached skill level 6 in Dodging
  6252 | D:7      | 6252 ||| INVOKING Heroism.
  6260 | D:7      | HP: 5/75 [two-headed ogre/+0 giant club (21)]
  6262 | D:7      | Killed a two-headed ogre
  6482 | D:7      | 6482 ||| DRINKING 2 metallic yellow potions.
  6483 | D:7      | 6483 ||| DRINKING fuming dark potion.
  6483 | D:7      | Gained mutation: You have a pair of small horns on your
                  | head. [potion of mutation]
  6483 | D:7      | Gained mutation: Your mind is acute. (Int +4, Str/Dex -1)
                  | [potion of mutation]
  6483 | D:7      | Gained mutation: You are agile. (Dex +4, Str/Int -1)
                  | [potion of mutation]
  6484 | D:7      | 6484 ||| DRINKING ruby potion.
  6485 | D:7      | 6485 ||| DROPPING +0 helmet.
  6486 | D:7      | 6486 ||| DROPPING potion of ambrosia.
  6598 | D:8      | HP: 12/75 [troll (13)]
  6830 | D:8      | Found Roahilyo's Antique Weapon Emporium.
  6941 | D:8      | 6941 ||| RETREEEEATING.
  6942 | D:8      | 6942 ||| RETREEEEATING.
  6943 | D:8      | 6943 ||| RETREEEEATING.
  6949 | D:8      | Reached **** piety under Okawaru
  6965 | D:8      | Reached skill level 10 in Ranged Weapons
  7152 | D:8      | Noticed a two-headed ogre
  7153 | D:8      | 7153 ||| INVOKING Finesse.
  7158 | D:8      | Killed a two-headed ogre
  7159 | D:8      | Reached XP level 11. HP: 75/79 MP: 0/0
  7159 | D:8      | Learned a level 5 spell: Alistair's Intoxication
  7248 | D:8      | Found an ornate altar of the Wu Jian Council.
  7317 | D:8      | 7317 ||| RETREEEEATING.
  7318 | D:8      | 7318 ||| RETREEEEATING.
  7319 | D:8      | 7319 ||| RETREEEEATING.
  7321 | D:8      | 7321 ||| RETREEEEATING.
  7322 | D:8      | 7322 ||| RETREEEEATING.
  7323 | D:8      | 7323 ||| RETREEEEATING.
  7324 | D:8      | 7324 ||| RETREEEEATING.
  7325 | D:8      | 7325 ||| RETREEEEATING.
  7326 | D:8      | Noticed Pikel
  7326 | D:8      | 7326 ||| RETREEEEATING.
  7333 | D:8      | 7333 ||| INVOKING Finesse.
  7334 | D:8      | 7334 ||| INVOKING Finesse.
  7355 | D:8      | Killed Pikel
  7640 | D:8      | 7640 ||| DROPPING amulet of the acrobat.
  7641 | D:8      | 7641 ||| READING scroll of identify.
  7641 | D:8      | 7641 ||| IDENTIFYING yellow potion
  7723 | D:9      | 7723 ||| FLEEEEING.
  7748 | D:9      | 7748 ||| FLEEEEING.
  7952 | D:9      | 7952 ||| RETREEEEATING.
  8708 | D:9      | 8708 ||| UPGRADING to +6 ring of strength.
  8709 | D:9      | 8709 ||| READING scroll of identify.
  8709 | D:9      | 8709 ||| IDENTIFYING orange potion
  8710 | D:9      | 8710 ||| DRINKING 2 fizzy purple potions.
  8711 | D:9      | 8711 ||| DROPPING potion of degeneration.
  8802 | D:10     | Entered Level 10 of the Dungeon
  8809 | D:10     | Reached skill level 6 in Invocations
  8968 | D:10     | Found Gozag's Platinum Reserve.
  8982 | D:10     | 8982 ||| FLEEEEING.
  8983 | D:10     | 8983 ||| FLEEEEING.
  9023 | D:10     | Found an opulent altar of Gozag.
  9034 | D:10     | 9034 ||| SHOPLISTING ring "Biacubao" {Fire rElec Str-5
                  | Dex+2} (3270 gold, have 628).
  9034 | D:10     | 9034 ||| SHOPLISTING ring of Abstinence {Ice rCorr MP+9}
                  | (5650 gold, have 628).
  9087 | D:10     | Found a staircase to the Orcish Mines.
  9157 | D:10     | Reached ***** piety under Okawaru
  9337 | D:10     | Found a staircase to the Lair.
  9337 | D:10     | Noticed an elephant
  9338 | D:10     | 9338 ||| RETREEEEATING.
  9344 | D:10     | 9344 ||| RETREEEEATING.
  9345 | D:10     | 9345 ||| INVOKING Finesse.
  9346 | D:10     | 9346 ||| INVOKING Finesse.
  9347 | D:10     | 9347 ||| INVOKING Heroism.
  9369 | D:10     | Killed an elephant
  9746 | D:10     | Noticed a two-headed ogre
  9747 | D:10     | 9747 ||| INVOKING Finesse.
  9752 | D:10     | Killed a two-headed ogre
 10014 | D:10     | 10014 ||| PLANNING LAIR
 10014 | D:10     | 10014 ||| UPGRADING to +0 acid dragon scales.
 10024 | D:10     | 10024 ||| DROPPING +0 ring mail.
 10025 | D:10     | 10025 ||| READING scroll of enchant armour.
 10025 | D:10     | 10025 ||| ENCHANTING +0 acid dragon scales.
 10026 | D:10     | 10026 ||| READING scroll of identify.
 10026 | D:10     | 10026 ||| IDENTIFYING glowing dark potion
 10027 | D:10     | 10027 ||| READING scroll labelled UBAIPICZ GORUO.
 10028 | D:10     | 10028 ||| DROPPING potion of berserk rage.
 10048 | Lair:1   | Entered Level 1 of the Lair of Beasts
 10182 | Lair:1   | Noticed a death yak
 10183 | Lair:1   | 10183 ||| INVOKING Finesse.
 10186 | Lair:1   | Noticed a death yak
 10186 | Lair:1   | Noticed a death yak
 10194 | Lair:1   | Noticed a death yak
 10195 | Lair:1   | Killed a death yak
 10203 | Lair:1   | Killed a death yak
 10204 | Lair:1   | Reached XP level 12. HP: 68/86 MP: 0/0
 10211 | Lair:1   | Killed a death yak
 10212 | Lair:1   | Reached skill level 9 in Dodging
 10221 | Lair:1   | 10221 ||| INVOKING Finesse.
 10222 | Lair:1   | Killed a death yak
 10526 | Lair:1   | Reached skill level 9 in Invocations
 10957 | Lair:1   | Reached skill level 11 in Ranged Weapons
 10959 | Lair:1   | 10959 ||| RETREEEEATING.
 10960 | Lair:1   | 10960 ||| RETREEEEATING.
 10961 | Lair:1   | 10961 ||| RETREEEEATING.
 10962 | Lair:1   | 10962 ||| RETREEEEATING.
 10963 | Lair:1   | 10963 ||| RETREEEEATING.
 10964 | Lair:1   | 10964 ||| RETREEEEATING.
 10966 | Lair:1   | 10966 ||| RETREEEEATING.
 10977 | Lair:1   | Received a gift from Okawaru
 11006 | Lair:1   | You are sucked into a shaft and drop 1 floor!
 11084 | Lair:2   | 11084 ||| DROPPING +6 ring of intelligence.
 11119 | Lair:1   | 11119 ||| RETREEEEATING.
 11121 | Lair:1   | 11121 ||| RETREEEEATING.
 11698 | Lair:2   | 11698 ||| RETREEEEATING.
 11705 | Lair:2   | 11705 ||| RETREEEEATING.
 11707 | Lair:2   | 11707 ||| RETREEEEATING.
 11713 | Lair:2   | Reached skill level 9 in Fighting
 11737 | Lair:2   | HP: 19/89 [komodo dragon (17)]
 11738 | Lair:2   | 11738 ||| DRINKING potion of heal wounds.
 11949 | Lair:2   | Found a staircase to the Swamp.
 12280 | Lair:2   | Reached XP level 13. HP: 94/94 MP: 0/0
 12280 | Lair:2   | Learned a level 5 spell: Arcjolt
 12318 | Lair:2   | Found a staircase to the Snake Pit.
 12325 | Lair:2   | 12325 ||| FLEEEEING.
 12582 | Lair:2   | 12582 ||| READING scroll labelled FAANAM YLIONT.
 12622 | Lair:3   | Noticed a catoblepas
 12623 | Lair:3   | 12623 ||| INVOKING Finesse.
 12627 | Lair:3   | 12627 ||| STAIRDANCE
 12646 | Lair:3   | 12646 ||| STAIRDANCE
 12724 | Lair:3   | 12724 ||| STAIRDANCE
 12730 | Lair:2   | 12730 ||| INVOKING Finesse.
 12731 | Lair:2   | 12731 ||| INVOKING Heroism.
 12752 | Lair:3   | 12752 ||| Stepping ~*~*~tactically~*~*~ (cloud).
 12763 | Lair:3   | Killed a catoblepas
 12989 | Lair:3   | Noticed a six-headed hydra
 12990 | Lair:3   | 12990 ||| INVOKING Finesse.
 13000 | Lair:3   | Killed a six-headed hydra
 13135 | Lair:3   | 13135 ||| RETREEEEATING.
 13139 | Lair:3   | 13139 ||| RETREEEEATING.
 13143 | Lair:3   | Reached skill level 12 in Ranged Weapons
 13148 | Lair:3   | 13148 ||| RETREEEEATING.
 13149 | Lair:3   | 13149 ||| RETREEEEATING.
 13153 | Lair:3   | 13153 ||| FLEEEEING.
 13154 | Lair:3   | 13154 ||| FLEEEEING.
 13155 | Lair:3   | 13155 ||| FLEEEEING.
 13213 | Lair:3   | Noticed a five-headed hydra
 13214 | Lair:3   | 13214 ||| INVOKING Finesse.
 13224 | Lair:3   | Killed a five-headed hydra
 13443 | Lair:3   | 13443 ||| RETREEEEATING.
 13444 | Lair:3   | 13444 ||| RETREEEEATING.
 13445 | Lair:3   | 13445 ||| RETREEEEATING.
 13464 | Lair:3   | HP: 14/94 [death yak (17)]
 13465 | Lair:3   | 13465 ||| READING scroll of teleportation.
 13465 | Lair:3   | Mangled by a death yak

Levels and vault maps discovered:
D:1:      minmay_arrival_diagonal_passages, layout_basic,
          shapermc_ecumenical_altar_venn, st_stairs_4
D:2:      layout_loops_ring, minmay_pentomino_r4
D:3:      layout_basic, mainiacjoe_overflow_brackets
D:4:      layout_rooms, mainiacjoe_overflow_boulevard, uniq_crazy_yiuf_cottage
D:5:      kennysheep_spiral_hall, layout_loops_ring, dk_xom_monty_hall,
          lemuel_crystal_altar, minmay_temple_entry_stoned_glass,
          uniq_blork_the_orc
D:6:      layout_loops_ring, kennysheep_little_box,
          nicolae_qazlal_beasts_of_the_sky, kennysheep_mini_moat, serial_shops,
          nicolae_shop_bloodbath_and_beyond, uniq_duvessa, uniq_eustachio,
          uniq_prince_ribbit1
D:7:      minmay_clustersquares, layout_loops_corners,
          kennysheep_orc_sif_temple, lemuel_doored_altar, serial_shops,
          nicolae_shop_overgrown_old_shop, st_stairs_4,
          chequers_serial_rivers_small_a
D:8:      layout_basic, pdpol_wu_jian_five_deadly_venoms, serial_shops,
          kennysheep_mini, uniq_pikel
D:9:      layout_small_grid, chequers_serial_rivers_micro_e
D:10:     layout_basic, nicolae_gozag_zags_fifth_avenue, david_lair_generic,
          orc_david_3
Temple:   minmay_temple_curvy_loop
Lair:1:   layout_cave_shapes, chequers_serial_rivers_micro_b,
          chequers_serial_rivers_micro_a, grunt_megastairs_2,
          infiniplex_staircase_pool_2
Lair:2:   layout_loops_ring, swamp_mist, alex1729_snake_entry_snake,
          minivault_26
Lair:3:   layout_roguey, wad_woods_road_02, uniq_amaemon

Skill      XL: |  1  2  3  4  5  6  7  8  9 10 11 12 13 |
---------------+----------------------------------------+-----
Ranged Weapons | 4 5 6 7 8 10 11 12 | 12.0
Fighting       | 3 4 5 6 7 8 9 |  9.1
Armour         | 1 2 3 4 5 |  5.3
Dodging        | 3 4 5 7 8 10 | 10.8
Invocations    | 3 4 8 10 | 10.0
Stealth        | |  0.7

Action                     |  1- 3 |  4- 6 |  7- 9 | 10-12 | 13-15 || total
---------------------------+-------+-------+-------+-------+-------++-------
   Fire: Shortbow          |    76 |   128 |       |       |       ||   204
         Longbow           |       |     9 |   220 |   589 |   141 ||   959
 Invoke: Heroism           |       |       |     7 |     2 |     1 ||    10
         Finesse           |       |       |       |     6 |     4 ||    10
    Use: Scroll            |     3 |     5 |     3 |     5 |     2 ||    18
         Potion            |       |     2 |     1 |     5 |       ||     8
 Armour: Leather armour    |    12 |       |       |       |       ||    12
         Ring mail         |       |    37 |   110 |   197 |       ||   344
         Acid dragon scale |       |       |       |    92 |    79 ||   171
  Dodge: Dodged            |    13 |    32 |    97 |   356 |    98 ||   596
  Block: Other             |       |    11 |    40 |    84 |    13 ||   148
         Reflection        |       |       |     2 |     4 |       ||     6

Table legend:
 A = Non-vault XP
 B = Vault XP
 C = Vault XP percentage of total XP
 D = Non-vault monster count
 E = Vault monster count
 F = Vault count percentage of total count
                 A         B        C        D         E       F
            +---------+---------+-------+---------+---------+-------
      Total |   26979 |    7927 |  22.7 |     203 |      55 |  21.3
            +---------+---------+-------+---------+---------+-------
        D:1 |      21 |       4 |  16.0 |      11 |       3 |  21.4
        D:2 |      30 |      16 |  34.8 |      16 |       3 |  15.8
        D:3 |      65 |       0 |   0.0 |      21 |       0 |   0.0
        D:4 |      73 |       0 |   0.0 |      10 |       0 |   0.0
        D:5 |     336 |     340 |  50.3 |      13 |       7 |  35.0
        D:6 |     909 |     836 |  47.9 |      14 |       5 |  26.3
        D:7 |     999 |    2286 |  69.6 |      13 |      18 |  58.1
        D:8 |    2188 |     617 |  22.0 |      10 |       1 |   9.1
        D:9 |    1559 |       0 |   0.0 |      21 |       0 |   0.0
       D:10 |    2496 |    1390 |  35.8 |      13 |      11 |  45.8
     Lair:1 |    7590 |     435 |   5.4 |      25 |       2 |   7.4
     Lair:2 |    5223 |     624 |  10.7 |      22 |       2 |   8.3
     Lair:3 |    5490 |    1379 |  20.1 |      14 |       3 |  17.6
            +---------+---------+-------+---------+---------+-------
